 Dungeon Crawl Stone Soup version 0.30-a0-451-ge042605de7 (webtiles) character file.

Game seed: 8650001742001381396

11866 Lobster4 the Summoner (level 12, -7/82 HPs)
             Began as a Human Summoner on Dec 12, 2022.
             Was an Elder of Hepliaklqana.
             Hit by a silver javelin thrown by a minotaur (23 damage)
             ... in a Gauntlet.
             The game lasted 00:50:22 (12794 turns).

Lobster4 the Summoner (Human Summoner)             Turns: 12794, Time: 00:50:23

Health: -7/82      AC:  9    Str:  9    XL:     12   Next: 13%
Magic:  5/23       EV: 13    Int: 20    God:    Hepliaklqana [****..]
Gold:   377        SH:  5    Dex: 19    Spells: 12/25 levels left

rFire   + . .      SeeInvis .    a - +5 dagger
rCold   + . .      Faith    .    (no shield)
rNeg    + . .      Spirit   .    C - +1 robe "Imaecs" {rElec rC+ Will+}
rPois   .          Reflect  +    (no helmet)
rElec   +          Harm     .    x - +1 cloak
rCorr   .          Rampage  .    P - +0 pair of fencer's gloves {Riposte Dex+3}
Will    +....      NoTele   +    n - +1 pair of boots
Stlth   +++.......               f - amulet of reflection
HPRegen 0.33/turn                l - ring of protection from cold
MPRegen 0.18/turn                D - ring of Duwkuhish {Fire rN+ Dex+2}

@: no status effects
A: reduced essence
a: Renounce Religion, Recall Ancestor, Ancestor Identity, Transference, Idealise


You were in a Gauntlet.
You worshipped Hepliaklqana.
Hepliaklqana was greatly pleased with you.
You visited 2 branches of the dungeon, and saw 12 of its levels.
You also visited: Bailey and Gauntlet.

You collected 422 gold pieces.
You spent 45 gold pieces at shops.

Inventory:

Hand Weapons
 a - a +5 dagger (weapon)
 b - a +0 sling
 F - a +4 scimitar
 I - a +2 dagger of holy wrath
Missiles
 k - 13 poisoned darts
 r - a curare-tipped dart
 t - 3 datura-tipped darts
 z - 3 boomerangs
Armour
 e - a +0 troll leather armour
 n - a +1 pair of boots (worn)
 p - +0 steam dragon scales
 s - a +0 robe of fire resistance
 x - a +1 cloak (worn)
 A - +0 acid dragon scales
 C - the +1 robe "Imaecs" (worn) {rElec rC+ Will+}
   (You found it in a Gauntlet)

   rC:        It protects you from cold.
   rElec:     It insulates you from electricity.
   Will:      It increases your willpower.
 G - a scarf of repulsion
 K - a +2 robe of willpower
 P - the +0 pair of fencer's gloves (worn) {Riposte Dex+3}
   (You acquired it in a bailey)

   It allows the wearer to riposte with melee weapons, swiftly retaliating
   against missed or blocked melee attacks.
   Dex:       It affects your dexterity (+3).
Magical Staves
 y - a staff of earth
Jewellery
 d - a ring of ice
 f - an amulet of reflection (around neck)
 l - a ring of protection from cold (left hand)
 D - the ring of Duwkuhish (right hand) {Fire rN+ Dex+2}
   (You found it in a Gauntlet)

   [ring of fire]

   It enhances your fire magic.
   Dex:       It affects your dexterity (+2).
   rF:        It protects you from fire.
   rC:        It makes you vulnerable to cold.
   rN:        It protects you from negative energy.
Scrolls
 g - 8 scrolls of teleportation
 h - 2 scrolls of enchant weapon
 j - 4 scrolls of immolation
 o - a scroll of amnesia
 q - 4 scrolls of fog
 v - a scroll of silence
 B - a scroll of blinking
 S - a scroll of magic mapping {unknown}
 T - a scroll of fear
Potions
 c - a potion of lignification
 i - 4 potions of magic
 m - 8 potions of heal wounds
 u - 5 potions of curing
 w - 2 potions of brilliance
 H - 7 potions of might
 J - a potion of flight
 L - a potion of invisibility
 N - a potion of cancellation {unknown}
 O - 4 potions of mutation {unknown}
 R - a potion of haste


   Skills:
 + Level 7.7 Fighting
 - Level 1.0 Short Blades
 - Level 1.0 Throwing
 - Level 6.0 Armour
 - Level 3.0 Dodging
 - Level 3.0 Stealth
 + Level 7.4 Spellcasting
 - Level 3.0 Hexes
 * Level 12.0 Summonings
 - Level 5.0 Air Magic
 + Level 3.1 Invocations


You had 12 spell levels left.
You knew the following spells:

 Your Spells              Type           Power      Damage    Failure   Level
a - Summon Small Mammal   Summ           100%       N/A       1%          1
b - Call Imp              Summ           53%        N/A       1%          2
c - Call Canine Familiar  Summ           53%        N/A       1%          3
d - Summon Guardian Gole  Hex/Summ       37%        N/A       1%          3
h - Summon Lightning Spi  Summ/Air       41%        N/A       2%          4

Your spell library contained the following spells:

 Spells                   Type           Power      Damage    Failure   Level
 Sting                    Tmut/Pois      28%        1d4       9%          1
 Sublimation of Blood     Necr           7%         N/A       14%         2
 Wereblood                Tmut           7%         N/A       14%         2
 Summon Hydra             Summ           26%        N/A       50%         7
 Necromutation            Tmut/Necr      3%         N/A       100%        8


Dungeon Overview and Level Annotations

Branches:
Dungeon (11/15)            Temple (1/1) D:4            Lair (0/5) D:8
 Bailey (visited)         Gauntlet (1/1)
    Orc: D:9-12

Altars:
Ashenzari
Cheibriados
Dithmenos
Elyvilon
Fedhas
Gozag
Hepliaklqana
Kikubaaqudgha
Makhleb
Nemelex Xobeh
Okawaru
Qazlal
Ru
Sif Muna
Trog
Uskayaw
Vehumet
Wu Jian
Xom
Yredelemnul
Zin
The Shining One

Shops:
D:1 (   D:6 [   D:9 =

Portals:
Abyss: D:4

Annotations:
D:4 2 transporters, p00ps00p's ghost, amateur HOFi Gauntlet 12 transporters, exclusions: ice statue and obsidian statue


Message History

The silver javelin pierces through you but does no damage.
Your guardian golem explodes!
The fiery explosion engulfs the minotaur!!
The fiery explosion engulfs you! You resist.
Casting: Summon Guardian Golem (safe; 1% risk of failure)
Confirm with . or Enter, or press ? or * to list all spells.
You are engulfed in blazing flames.
You resist.
Your lightning spire disappears in a puff of smoke!
The minotaur barely misses you.
Unknown command.
Casting: Call Canine Familiar (safe; 1% risk of failure)
Confirm with . or Enter, or press ? or * to list all spells.
A beastly little devil appears in a puff of flame.
The minotaur throws a silver javelin.
The silver javelin pierces through you!
Unknown command.
Casting: Call Imp (safe; 1% risk of failure)
Confirm with . or Enter, or press ? or * to list all spells.
An electric hum fills the air.
The minotaur hits you from afar with a +0 bardiche of protection.
Your crimson imp closely misses the minotaur.
The minotaur furiously retaliates!
The minotaur headbutts your crimson imp!
Unknown command.
You swap places.
The minotaur hits you from afar with a +0 bardiche of protection!
* * * LOW HITPOINT WARNING * * *
Your crimson imp hits the minotaur but does no damage.
Your wolf is engulfed in blazing flames.
Your wolf completely misses the minotaur.
The minotaur furiously retaliates!
The minotaur headbutts your wolf, but does no damage.
Your wolf is engulfed in blazing flames.
Your wolf bites the minotaur but does no damage.
Your crimson imp barely misses the minotaur.
The minotaur furiously retaliates!
The minotaur headbutts your crimson imp, but does no damage.
Your wolf bites the minotaur but does no damage. x2
The minotaur throws a silver javelin.
The silver javelin pierces through you!!
You die...

#/.:# #8(8# #=.[#### #8.8#.8###
#...#....# #. #8☼8#..#.#
#.#..##H##..#.# #.....5h§..@..#
#.#.##.#.##.#.# #.#....#..8.#.#
###.#.#######.#.###
#§§..............≈#
####8..©.©.©.©.©.©..8#### ### ###
#8##≈...............≈##8# #8# #8#
#################################
...........≈∩§...................


You could see a minotaur (ally target), a friendly wolf (summoned), a friendly
lightning spire (summoned) and a friendly crimson imp (summoned).

Vanquished Creatures
  Pikel (D:4)
  A rime drake (Gauntlet)
  A steam dragon (D:8)
  A wolf (D:9)
  A phantom (D:2)
  A bullfrog (D:9)
  A necrophage (D:8)
  A wight (D:9)
  2 iguanas
  An orc wizard (D:9)
  A mummy (D:8)
  A gnoll (D:5)
  An adder (D:4)
  An ufetubus (D:4)
  A worm (D:4)
  A dart slug (D:4)
  4 orcs
  A giant cockroach (D:3)
  3 hobgoblins
  4 kobolds
  4 ball pythons
  A bat (D:1)
  A goblin (D:1)
35 creatures vanquished.

Vanquished Creatures (collateral kills)
  3 two-headed ogres
  A rust devil (Gauntlet)
  An unseen horror (D:9)
  Maggie (D:7)
  A troll (D:11)
  Sigmund (D:3)
  2 wyverns
  14 yaks (D:10)
  Grum (D:9)
  2 steam dragons (D:7)
  4 water moccasins
  2 acid dragons
  4 orc warriors
  A black bear (D:8)
  An ice beast (D:7)
  A sky beast (D:8)
  2 wolves (D:9)
  2 centaurs
  3 kobold brigands
  2 lemures (D:4)
  5 bullfrogs
  A scorpion (D:6)
  5 necrophages (D:8)
  7 wights
  3 killer bees (D:11)
  4 howler monkeys
  4 hounds
  An iron imp (Gauntlet)
  2 jellies
  Crazy Yiuf (D:2)
  5 orc priests
  3 iguanas
  A human zombie (D:8)
  10 orc wizards
  Natasha (thrice) (D:2)
  A killer bee zombie (D:8)
  A mummy (D:8)
  2 howler monkey zombies (D:8)
  2 adders (D:5)
  20 gnolls
  2 white imps (D:7)
  An ufetubus (D:5)
  2 dart slugs
  42 orcs
  6 ball pythons
  3 endoplasms (D:1)
  4 giant cockroaches
  7 goblins
  5 hobgoblins
  9 kobolds
  A quokka (D:3)
  5 bats
  4 rats
221 creatures vanquished.

Vanquished Creatures (others)
  Erolcha (D:9)
  A killer bee (D:11)
  4 knights
  13 demonic plants (Gauntlet)
  8 fungi
  12 plants (Gauntlet)
39 creatures vanquished.

Grand Total: 295 creatures vanquished

Notes
Turn   | Place    | Note
-------+----------+-------------------------------------------
     0 | D:1      | Lobster4 the Human Summoner began the quest for the Orb.
     0 | D:1      | Reached XP level 1. HP: 13/13 MP: 3/3
   202 | D:1      | Reached XP level 2. HP: 11/20 MP: 1/5
   205 | D:1      | Learned a level 2 spell: Call Imp
   453 | D:1      | Reached XP level 3. HP: 25/25 MP: 3/6
  1073 | D:1      | Found Wic Raes's Weapon Shop.
  1160 | D:2      | Noticed Natasha
  1304 | D:2      | Reached skill level 1 in Fighting
  1465 | D:2      | Found a faded altar of an unknown god.
  1558 | D:2      | Killed Natasha
  1559 | D:2      | Reached XP level 4. HP: 30/32 MP: 2/7
  1648 | D:2      | Noticed Natasha
  1657 | D:2      | Killed Natasha
  1658 | D:2      | Reached skill level 1 in Armour
  1783 | D:2      | Noticed Natasha
  1793 | D:2      | Killed Natasha
  1794 | D:2      | Reached XP level 5. HP: 21/37 MP: 5/8
  1875 | D:2      | Found a runed translucent door.
  1876 | D:2      | Noticed Crazy Yiuf
  2001 | D:2      | Noticed a phantom
  2031 | D:2      | Killed a phantom
  2032 | D:2      | Reached skill level 5 in Summonings
  2367 | D:3      | Reached XP level 6. HP: 44/44 MP: 7/9
  2430 | D:3      | Noticed Sigmund
  2551 | D:3      | Got the Cyclopedia of Permutations
  2670 | D:3      | Learned a level 3 spell: Call Canine Familiar
  2945 | D:3      | Killed Sigmund
  2946 | D:3      | Reached XP level 7. HP: 51/51 MP: 2/11
  3321 | D:4      | Noticed Pikel
  3613 | D:4      | Found a transporter.
  3670 | D:4      | Noticed a small abomination
  3696 | D:4      | Found a one-way gate to the infinite horrors of the Abyss.
  3696 | D:4      | Found a transporter.
  3696 | D:4      | Noticed p00ps00p's ghost (amateur HOFi)
  3999 | D:4      | Reached skill level 6 in Summonings
  4304 | D:4      | Killed Pikel
  4305 | D:4      | Reached skill level 1 in Throwing
  4305 | D:4      | Reached skill level 7 in Summonings
  4305 | D:4      | Reached XP level 8. HP: 58/58 MP: 7/13
  4493 | D:4      | Found a staircase to the Ecumenical Temple.
  4498 | Temple   | Entered the Ecumenical Temple
  4504 | Temple   | Became a worshipper of Hepliaklqana the Forgotten
  4590 | D:5      | Entered Level 5 of the Dungeon
  5016 | D:5      | Learned a level 4 spell: Summon Lightning Spire
  5455 | D:6      | Reached skill level 1 in Air Magic
  5455 | D:6      | Reached XP level 9. HP: 25/65 MP: 8/15
  5698 | D:2      | Killed Crazy Yiuf
  5777 | D:6      | Reached * piety under Hepliaklqana
  6030 | D:6      | Found Loth's Armour Emporium.
  6046 | D:6      | Bought a +0 pair of gloves for 45 gold pieces
  6657 | D:7      | Reached skill level 8 in Summonings
  6736 | D:7      | Reached ** piety under Hepliaklqana
  6737 | D:7      | Remembered your ancestor Ealamassi as a knight
  6959 | D:7      | Noticed Maggie
  7045 | D:7      | Reached skill level 5 in Spellcasting
  7158 | D:7      | Killed Maggie
  7159 | D:7      | Reached skill level 5 in Fighting
  7162 | D:7      | Found an opulent altar of Gozag.
  7196 | D:7      | Learned a level 3 spell: Summon Guardian Golem
  7278 | D:7      | Reached skill level 5 in Armour
  7278 | D:7      | Reached XP level 10. HP: 37/66 MP: 11/17
  7648 | D:7      | Reached skill level 9 in Summonings
  7825 | D:8      | Found a staircase to the Lair.
  7847 | D:8      | Reached skill level 1 in Hexes
  8044 | D:8      | Found a basalt altar of Yredelemnul.
  8799 | D:8      | Found a shadowy altar of Dithmenos.
  9045 | D:9      | Reached *** piety under Hepliaklqana
  9447 | D:9      | Killed an unseen horror
  9448 | D:9      | Reached skill level 10 in Summonings
  9511 | D:9      | Reached skill level 1 in Short Blades
  9511 | D:9      | Reached XP level 11. HP: 39/72 MP: 15/20
  9633 | D:9      | Found Uxyh's Jewellery Emporium.
  9648 | D:9      | Noticed Erolcha
  9694 | D:9      | Killed Erolcha
  9696 | D:9      | Noticed Grum
  9706 | D:9      | Killed Grum
  9707 | D:9      | Reached skill level 5 in Air Magic
 10076 | D:10     | Entered Level 10 of the Dungeon
 10206 | D:10     | Found a flagged portal.
 10216 | Bailey   | Entered a bailey
 10649 | Bailey   | Acquired the +0 pair of fencer's gloves {Riposte Dex+3}
 10649 | Bailey   | Found the +0 pair of fencer's gloves {Riposte Dex+3}
 10811 | D:10     | Found a sparkling altar of Nemelex Xobeh.
 10830 | D:10     | Reached skill level 11 in Summonings
 10899 | D:10     | Reached **** piety under Hepliaklqana
 10996 | D:10     | Found a sacrificial altar of Ru.
 11095 | D:10     | Noticed a two-headed ogre
 11105 | D:10     | Killed a two-headed ogre
 11106 | D:10     | Reached skill level 1 in Invocations
 11432 | D:10     | Noticed a two-headed ogre
 11442 | D:10     | Killed a two-headed ogre
 11796 | D:11     | Noticed a two-headed ogre
 11807 | D:11     | Killed a two-headed ogre
 11808 | D:11     | Reached XP level 12. HP: 81/81 MP: 16/22
 11811 | D:11     | Found a gate leading to a gauntlet.
 11903 | Gauntlet | Entered a Gauntlet
 11903 | Gauntlet | Found a transporter.
 11910 | Gauntlet | Noticed a catoblepas
 11913 | Gauntlet | Found a transporter.
 11928 | Gauntlet | Found a transporter.
 11932 | Gauntlet | Noticed a fire crab
 11933 | Gauntlet | Found a transporter.
 11951 | Gauntlet | Noticed a death yak
 11953 | Gauntlet | Found a transporter.
 11953 | Gauntlet | Noticed a death yak
 11953 | Gauntlet | Noticed a death yak
 11953 | Gauntlet | Noticed a death yak
 11967 | Gauntlet | Found a transporter.
 11979 | Gauntlet | Found a transporter.
 11991 | Gauntlet | Found a transporter.
 12003 | Gauntlet | Found a transporter.
 12015 | Gauntlet | Found a transporter.
 12032 | Gauntlet | Found a transporter.
 12050 | Gauntlet | Found a transporter.
 12052 | Gauntlet | Found a transporter.
 12080 | Gauntlet | Found a transporter.
 12098 | Gauntlet | Found a transporter.
 12100 | Gauntlet | Found a transporter.
 12178 | Gauntlet | Found a transporter.
 12282 | Gauntlet | Found a transporter.
 12601 | Gauntlet | Reached skill level 12 in Summonings
 12734 | Gauntlet | Identified the +1 robe "Imaecs" {rElec rC+ Will+}
 12738 | Gauntlet | Identified the ring of Duwkuhish {Fire rN+ Dex+2}
 12771 | Gauntlet | Found the +5 robe of Night {Dark Will+ SInv}
 12771 | Gauntlet | Noticed a minotaur
 12794 | Gauntlet | Hit by a silver javelin thrown by a minotaur

Illustrated notes

Levels and vault maps discovered:
D:1:      zelgadis_glass_arrival_small, layout_basic, serial_shops, shop,
          minivault_5, kennysheep_decorative_pillar
D:2:      layout_rooms, ebering_ecumenical_altar_box, minmay_between,
          uniq_crazy_yiuf_cottage, uniq_natasha
D:3:      layout_loops_ring, grunt_decor_junction, minmay_misc_feat_x,
          uniq_sigmund
D:4:      layout_basic, temple_doors_cd, portal_sewer_entry_a,
          gammafunk_ghost_abyssal_escape, uniq_pikel
D:5:      layout_rooms
D:6:      layout_basic, serial_shops, nicolae_shop_waterfront
D:7:      layout_rooms, nicolae_gozag_cash_rules_everything_around_me,
          kennysheep_generic_room_12, uniq_maggie
D:8:      layout_cave_pods, lemuel_mausoleum_altar_yredelemnul,
          grunt_dithmenos_smoke, lair_entry_dummy
D:9:      layout_loops_cross, serial_shops, nicolae_shop_waterfront,
          uniq_erolcha, uniq_grum
D:10:     layout_loops_corners, mainiacjoe_overflow_large_starburst,
          enter_bailey_6, minmay_misc_feat_tower
D:11:     layout_loops_ring, serial_shops, nicolae_shop_statue_plus,
          gauntlet_entry_generic, uniq_fannar
Temple:   sentei_temple_godly_chess
Gauntlet: gammafunk_gauntlet_one_two_three [nicolae_gauntlet_arena_grate_2,
          nicolae_gauntlet_arena_blocks, gammafunk_gauntlet_arena_hedges,
          gammafunk_gauntlet_arena_arrow_garden, gammafunk_gauntlet_arena_teeth,
          gammafunk_gauntlet_arena_split_diamond, nicolae_gauntlet_arena_x,
          gammafunk_gauntlet_arena_open, gammafunk_gauntlet_arena_chambers,
          nicolae_gauntlet_exit_dead_adventurers]

Skill      XL: |  1  2  3  4  5  6  7  8  9 10 11 12 |
---------------+-------------------------------------+-----
Fighting       | 1 2 3 4 5 6 7 |  7.7
Armour         | 1 2 3 5 6 |  6.0
Summonings     | 5 7 8 10 11 12 | 12.0
Dodging        | 3 |  3.0
Stealth        | 3 |  3.0
Spellcasting   | 3 4 5 6 7 |  7.4
Throwing       | 1 |  1.0
Air Magic      | 1 3 4 5 |  5.0
Hexes          | 3 |  3.0
Short Blades   | 1 |  1.0
Invocations    | 2 3 |  3.1

Action                   |  1- 3 |  4- 6 |  7- 9 | 10-12 || total
-------------------------+-------+-------+-------+-------++-------
Melee: Dagger            |    40 |    45 |    67 |    86 ||   238
       Punch             |     1 |       |     2 |     1 ||     4
Throw: Dart              |       |       |    10 |     1 ||    11
       Boomerang         |       |       |       |     1 ||     1
 Cast: Summon Small Mamm |    29 |    29 |    73 |    74 ||   205
       Call Imp          |    14 |    12 |    32 |    34 ||    92
       Call Canine Famil |       |     6 |    36 |    37 ||    79
       Summon Guardian G |       |       |       |    12 ||    12
       Summon Lightning  |       |       |       |     4 ||     4
Invok: Recall Ancestor   |       |       |     1 |     2 ||     3
       Ancestor Life: Kn |       |       |     1 |       ||     1
  Use: Scroll            |     3 |     3 |    10 |     9 ||    25
       Potion            |       |       |     1 |       ||     1
 Stab: Sleeping          |     1 |     1 |       |     1 ||     3
       Distracted        |       |     1 |     3 |     2 ||     6
Armor: Robe              |    22 |    11 |    17 |     5 ||    55
       Steam dragon scal |       |       |     7 |    44 ||    51
Dodge: Dodged            |    65 |    25 |    35 |    64 ||   189
Block: Other             |       |       |    19 |    25 ||    44
       Reflection        |       |       |       |     4 ||     4
       Rpst.: Dagger     |       |       |       |     4 ||     4

Table legend: (Time is in decaauts)
 A = Elapsed time spent in this place.
 B = Non-inter-level travel time spent in this place.
 C = Inter-level travel time spent in this place.
 D = Time resting spent in this place.
 E = Time spent auto-exploring this place.
 F = Levels seen in this place.
 G = Mean time per level.
                   A        B        C        D        E       F      G
               +--------+--------+--------+--------+--------+-----+--------+
         Total |  12796 |  12095 |    701 |   1117 |   7326 |  14 |  914.0 |
       Dungeon |  11446 |  10745 |    701 |    720 |   6994 |  11 | 1040.5 |
        Temple |     11 |     11 |      0 |      0 |      0 |   1 |   11.0 |
        Bailey |    449 |    449 |      0 |     39 |     77 |   1 |  449.0 |
      Gauntlet |    888 |    888 |      0 |    358 |    255 |   1 |  888.0 |
               +--------+--------+--------+--------+--------+-----+--------+

Top non-repeatable levels by time:
    D:10: 1269 daAuts
     D:8: 1232 daAuts
     D:4: 1224 daAuts
     D:1: 1191 daAuts
     D:3: 1164 daAuts
     D:6: 1137 daAuts
     D:9: 1134 daAuts
     D:2: 1119 daAuts
     D:7: 1058 daAuts
Gauntlet: 888 daAuts
     D:5: 808 daAuts
  Bailey: 449 daAuts
    D:11: 106 daAuts
  Temple: 11 daAuts
